 Dungeon Crawl Stone Soup version 0.16-a0-3493-gd9d85f0 (webtiles) character file.

195852 PolkaDot the Black Belt (level 18, -3/154 HPs)
             Began as a Mottled Draconian Monk on Jan 3, 2015.
             Was the Champion of Qazlal.
             Slain by a salamander
             ... wielding a +0 trident
              (11 damage)
             ... on level 5 of the Snake Pit on Jan 4, 2015.
             The game lasted 03:30:30 (48632 turns).

PolkaDot the Black Belt (Mottled Draconian Monk)   Turns: 48632, Time: 03:30:30

Health: -3/154     AC: 21    Str: 18      XL:     18   Next: 14%
Magic:  41/41      EV: 31    Int: 12 (14) God:    Qazlal [******]
Gold:   2291       SH:  8    Dex: 21 (22) Spells: 3 memorised, 0 levels left

rFire  + + .     SeeInvis .       - Unarmed
rCold  + . .     Clarity  .     (armour unavailable)
rNeg   . . .     SustAb   .     (no shield)
rPois  +         Gourm    .     c - +2 hat {MR+}
rElec  .         Spirit   .     e - +2 cloak
rCorr  .         Warding  .     x - +2 pair of gloves {Str+3}
rMut   +         Stasis   .     K - +2 pair of boots
MR     ++++.                    l - amulet of the Scavenger {rMut +Inv rPois rF+ rC+}
Stlth  +.........               o - ring "Fruda" {MP+9 Slay+4}
                                t - ring of flight

@: agile, protected from fire, constricted, studying Evocations, repel missiles,
incredibly resistant to hostile enchantments, very unstealthy
A: breathe sticky flames, unfitting armour, deterioration 1, magic resistance 2,
mutation resistance 1, cold-blooded, AC +10
a: Breathe Sticky Flame, Upheaval, Elemental Force, Disaster Area, Renounce
Religion, Evoke Invisibility, Evoke Flight


You were on level 5 of the Snake Pit.
You worshipped Qazlal.
Qazlal was exalted by your worship.
You were very hungry.

You visited 6 branches of the dungeon, and saw 36 of its levels.
You also visited: Labyrinth, Ice Cave and Volcano.

You collected 3899 gold pieces.
You spent 1608 gold pieces at shops.

Inventory:

Hand weapons
 b - the +11 blowgun "Mnyu" {evade, +Blink Stlth--}
   (You bought it in a shop on level 4 of the Orcish Mines)

   It affects your evasion (+5 to EV).
   It lets you blink.
   It makes you much less stealthy.
Missiles
 k - 3 curare-tipped needles
 A - 36 poisoned needles
 W - 2 throwing nets (quivered)
Armour
 c - a +2 hat of magic resistance (worn)
 e - a +2 cloak (worn)
 x - a +2 pair of gloves of strength (worn)
 K - a +2 pair of boots (worn)
Rods
 L - a +1 rod of ignition (12/12)
   (You took it off a naga warrior on level 1 of the Snake Pit)
Jewellery
 l - the amulet of the Scavenger (around neck) {rMut +Inv rPois rF+ rC+}
   (You took it off a deep elf death mage on level 3 of the Elven Halls)

   [amulet of resist mutation]

   It protects you from mutation.
   It protects you from fire.
   It protects you from cold.
   It protects you from poison.
   It lets you turn invisible.
 o - the ring "Fruda" (right hand) {MP+9 Slay+4}
   (You took it off a deep elf sorcerer on level 3 of the Elven Halls)

   [ring of magical power]

   It affects your accuracy and damage with ranged weapons and melee attacks
   (+4).
   It affects your magic capacity (+9).
 t - a ring of flight (left hand)
 D - an uncursed amulet of clarity
 P - an uncursed ring of see invisible
Magical devices
 y - a wand of heal wounds (0)
 C - a wand of digging (0)
 I - a wand of disintegration (13)
 M - a wand of teleportation (3)
Scrolls
 d - 8 scrolls of fog
 m - 15 scrolls of remove curse
 r - 9 scrolls of amnesia
 u - 8 scrolls of teleportation
 w - a scroll of magic mapping
 B - 6 scrolls of immolation
 F - a scroll of identify
 J - 2 scrolls of silence
 Q - a scroll of vulnerability
Potions
 a - a potion of haste
 g - 8 potions of restore abilities
 h - 2 potions of resistance
 q - 9 potions of cancellation
 s - 2 potions of invisibility
 E - 4 potions of flight
 N - 7 potions of curing
 T - a potion of berserk rage
 V - 5 potions of brilliance
 Y - 3 potions of lignification
Books
 H - a manual of Evocations
 U - an Akashic Record {highlevel}

   This book is beyond your current level of understanding.

   Spells                             Type                      Level
   a - Dispersal                      Translocation                6
   b - Controlled Blink               Translocation                7
   c - Malign Gateway                 Summoning/Translocation      7
   d - Disjunction                    Translocation                8
   e - Singularity                    Translocation                9
Miscellaneous
 i - a lantern of shadows
 O - a phial of floods (inert)
 X - 2 phantom mirrors
Comestibles
 f - 7 beef jerkies
 j - 66 fruits
 n - 15 meat rations
 v - 7 slices of pizza
 z - 3 royal jellies
 S - 14 bread rations


   Skills:
 - Level 12.0 Fighting
 - Level 14.6 Dodging
 - Level 1.7 Stealth
 + Level 20.3 Unarmed Combat
 + Level 12.3 Transmutations
 - Level 10.1 Invocations
 * Level 13.0 Evocations


You couldn't memorise any spells.
You knew the following spells:

 Your Spells              Type           Power        Failure   Level  Hunger
a - Tornado               Air            #.........   100%        9    #######
b - Blade Hands           Trmt           ####......   8%          5    ######.
F - Flight                Chrm/Air       #.........   88%         3    ####...


Dungeon Overview and Level Annotations

Branches:
Dungeon (15/15)            Temple (1/1) D:5            Lair (8/8) D:10
 Shoals (0/5) Lair:6        Snake (5/5) Lair:5        Slime (0/6) Lair:6
    Orc (4/4) D:9             Elf (3/3) Orc:3        Vaults (0/5) D:13
 Depths (0/5) D:15

Altars:
Ashenzari
Cheibriados
Dithmenos
Elyvilon
Fedhas
Gozag
Kikubaaqudgha
Makhleb
Nemelex Xobeh
Okawaru
Qazlal
Ru
Sif Muna
Trog
Vehumet
Xom
Yredelemnul
Zin
The Shining One
Beogh
Jiyva

Shops:
Orc:4 }*(:

Annotations:
Snake:5 Agnes, Kirke, Nikola
Elf:2 runed door, exclusion: 3 doors


Innate Abilities, Weirdness & Mutations

You can spit globs of burning liquid.
You can ignite nearby creatures when you spit burning liquid.
Your weird mottled scales are hard (AC +10).
Your body does not fit into most forms of armour.
Your cold-blooded metabolism reacts poorly to cold.
Your body is slowly deteriorating.
You are highly resistant to hostile enchantments.
You are somewhat resistant to further mutation.


Message History

* * * LOW HITPOINT WARNING * * *
The black mamba bites your water elemental.
You block Kirke's attack.
Your water elemental hits the black mamba.
Your water elemental engulfs the black mamba in water!
Your water elemental is engulfed in freezing vapours.
Your water elemental barely misses the anaconda.
The black mamba splashes around in the water.
The anaconda closely misses you.
* * * LOW HITPOINT WARNING * * *
The anaconda constricts you. The salamander completely misses you.
The water moccasin bites your water elemental!
Agnes is engulfed in freezing vapours.
Agnes zaps a wand.
You resist with almost no effort.
The mana viper bites your water elemental!!
Your water elemental hits the salamander!
Your water elemental engulfs the salamander in water!
The shock serpent splashes around in the water.
The salamander hits you from afar with a trident!
You die... ... ......... #....S..... ...SSS... ...E... .SSE.
NEN

#S# #@#
.......@Si§.#
......§hhh.#
.......#.$..#
......[
...... ......
#..... ....#
.... ### #..


You could see Kirke, Agnes, 2 salamanders, an anaconda, a shock serpent, 2 mana
vipers, 3 black mambas, 3 hogs, a water moccasin and 3 friendly water
elementals.

Vanquished Creatures
  2 deep elf blademasters (Elf:3)
  2 deep elf master archers (Elf:3)
  Rupert (Lair:7)
  Aizul (Snake:1)
  3 greater nagas
  Gastronok (D:9)
  3 deep elf sorcerers
  3 deep elf demonologists (Elf:3)
  7 deep elf annihilators (Elf:3)
  6 deep elf death magi (Elf:3)
  A deep elf high priest (Elf:3)
  A minotaur (Lab)
  Harold (Lair:1)
  An ogre mage (D:15)
  8 naga warriors
  7 anacondas
  3 hydras
  A deep troll shaman (Lair:8)
  3 centaur warriors
  5 dancing weapons
  4 death yaks (Lair:8)
  5 shock serpents
  3 orc high priests (Orc:4)
  9 naga sharpshooters
  A catoblepas (Lair:8)
  Nergalle (D:13)
  4 salamander mystics
  3 skeletal warriors (D:15)
  17 deep elf knights
  Erolcha (D:9)
  3 deep elf summoners
  A naga ritualist (Snake:3)
  3 ice statues (IceCv)
  A lindwurm (Lair:8)
  Pikel (D:4)
  6 orc knights
  A wizard (D:15)
  13 deep elf conjurers
  10 hill giants
  A harpy (shapeshifter) (D:13)
  4 orc sorcerers
  18 ugly things
  2 griffons (Lair:8)
  15 salamanders
  2 wolf spider zombies (D:14)
  3 mana vipers
  4 cyclopes
  A wolf spider (D:15)
  A draconian (shapeshifter) (D:15)
  13 elephants
  3 sirens (Lair:6)
  A sixfirhy (Elf:2)
  26 black mambas
  6 gargoyles
  A torpor snail (Lair:5)
  The ghost of Charly the Thaumaturge, an experienced DEWz of Sif Muna (Lair:1)
  13 naga magi
  2 molten gargoyles (Volcano)
  A torpor snail (shapeshifter) (Elf:1)
  2 guardian serpents
  A spiny frog (shapeshifter) (D:13)
  Psyche (Orc:1)
  10 komodo dragons
  14 spiny frogs
  5 fire drakes
  An efreet (Volcano)
  A queen bee (D:14)
  8 deep elf priests
  A blue devil (Elf:2)
  A merfolk (Lair:6)
  4 two-headed ogres
  5 polar bears
  Sonja (D:9)
  A fire vortex (Volcano)
  5 trolls
  5 slime creatures (D:12)
  2 boulder beetles
  15 blink frogs
  A basilisk (Lair:4)
  5 wyverns
  3 redbacks (Elf:2)
  A spriggan (shapeshifter) (Elf:2)
  2 wandering mushrooms (D:12)
  2 water elementals (Lair:2)
  A trapdoor spider (D:15)
  3 hungry ghosts
  A fire elemental (Lair:2)
  104 yaks
  A steam dragon (D:11)
  9 hippogriffs
  Eustachio (D:9)
  2 wraiths (D:15)
  3 shadows
  A naga (shapeshifter) (D:15)
  21 wolves
  29 deep elf magi
  4 wargs
  The ghost of Yuof the Chopper, an average FoSk of Cheibriados (D:4)
  30 deep elf fighters
  38 nagas
  18 water moccasins
  26 orc warriors
  A necrophage (D:9)
  8 porcupines
  3 phantoms
  A wasp (D:8)
  14 ice beasts
  2 eyes of draining
  7 orc zombies (Orc:4)
  3 black bears
  5 sky beasts
  11 ogres
  19 centaurs
  An orc skeleton (Orc:4)
  Sigmund (D:7)
  A slave (D:4)
  3 big kobolds
  A brain worm (shapeshifter) (D:13)
  20 crocodiles
  A brain worm (D:14)
  18 giant frogs
  2 wyvern zombies
  A gnoll sergeant (D:10)
  A water moccasin skeleton (D:10)
  3 scorpions
  8 wights
  22 killer bees
  3 yak skeletons
  13 crimson imps
  7 electric eels
  2 quasits
  2 giant frog zombies
  A goliath beetle (D:6)
  4 centaur zombies
  15 hounds
  3 centaur skeletons
  2 giant frog skeletons
  4 jellies
  28 orc wizards
  25 orc priests
  3 spectral orcs (D:13)
  13 iguanas
  6 worker ants
  A killer bee zombie (D:4)
  A hell rat (Elf:2)
  29 sheep
  Ijyb (D:2)
  2 hound skeletons
  5 gnolls (D:10)
  A worker ant zombie (D:9)
  22 adders
  3 shadow imps
  64 river rats
  12 white imps (Orc:4)
  A giant mite (D:3)
  5 worms
  An adder zombie (D:5)
  3 adder skeletons
  9 giant geckos
  2 oozes
  179 orcs
  A ball python (D:2)
  11 bats
  2 bat zombies
  19 goblins
  25 hobgoblins
  13 jackals
  23 quokkas
  10 giant cockroaches
  5 giant newts
  A giant spore (D:6)
  27 kobolds
  2 quokka skeletons (D:4)
  18 rats
  11 rat skeletons (Orc:4)
  15 ballistomycetes
  3 bushes
  2 crawling corpses (Elf:3)
  121 fungi
  51 plants
1644 creatures vanquished.

Vanquished Creatures (collateral kills)
  3 death yaks (Lair:2)
  2 wolves (Lair:2)
5 creatures vanquished.

Vanquished Creatures (others)
  2 deep elf knights
  An unseen horror (D:10)
  2 deep elf summoners
  A deep elf priest (Elf:2)
  A deep elf mage (Elf:3)
  4 deep elf fighters
  A lost soul (Elf:3)
  An orc (Orc:4)
  3 giant spores
  9 fungi
  9 plants
34 creatures vanquished.

Grand Total: 1683 creatures vanquished

Notes
Turn   | Place    | Note
--------------------------------------------------------------
     0 | D:1      | PolkaDot, the Draconian Monk, began the quest for the Orb.
     0 | D:1      | Reached XP level 1. HP: 19/19 MP: 1/1
   286 | D:1      | Reached XP level 2. HP: 26/26 MP: 2/2
   364 | D:1      | HP: 1/26 [jackal (2)]
   834 | D:2      | Reached XP level 3. HP: 10/31 MP: 3/3
  1173 | D:2      | Found a shadowy altar of Dithmenos.
  1299 | D:2      | Reached skill level 5 in Unarmed Combat
  1382 | D:2      | Reached XP level 4. HP: 36/40 MP: 4/4
  1615 | D:2      | Noticed Ijyb
  1629 | D:2      | Killed Ijyb
  1843 | D:3      | Found a shadowy altar of Dithmenos.
  2328 | D:3      | Reached XP level 5. HP: 46/46 MP: 5/5
  2414 | D:3      | Found a snail-covered altar of Cheibriados.
  2520 | D:3      | HP: 1/47 [orc/hand axe (2)]
  2880 | D:3      | HP: 1/47 [orc/hand axe (4)]
  3522 | D:4      | Noticed an ogre
  3523 | D:4      | Noticed Yuof's ghost (average FoSk)
  3599 | D:3      | Killed an ogre
  3599 | D:3      | Reached skill level 6 in Unarmed Combat
  3599 | D:3      | Reached XP level 6. HP: 4/55 MP: 6/6
  4218 | D:4      | Killed Yuof's ghost
  4218 | D:4      | Reached skill level 5 in Fighting
  4218 | D:4      | Your scales start taking on a weird mottled pattern.
  4218 | D:4      | Reached XP level 7. HP: 55/61 MP: 7/7
  4527 | D:4      | Noticed a slave
  4527 | D:4      | Noticed a slave
  4527 | D:4      | Noticed a slave
  4528 | D:4      | Noticed Pikel
  4528 | D:4      | Noticed a slave
  4539 | D:4      | Killed a slave
  4541 | D:4      | Killed Pikel
  4541 | D:4      | Reached skill level 7 in Unarmed Combat
  4541 | D:4      | Reached XP level 8. HP: 47/70 MP: 8/8
  4679 | D:5      | Entered Level 5 of the Dungeon
  4788 | D:5      | Reached skill level 8 in Unarmed Combat
  4789 | D:5      | Reached skill level 5 in Dodging
  4836 | D:5      | Found a sparkling altar of Nemelex Xobeh.
  5420 | D:5      | Found a staircase to the Ecumenical Temple.
  5429 | Temple   | Entered the Ecumenical Temple
  5530 | Temple   | Became a worshipper of Qazlal Stormbringer
  5530 | Temple   | Acquired Qazlal's first power
  5530 | Temple   | Acquired Qazlal's second power
  5816 | D:6      | Reached skill level 9 in Unarmed Combat
  6092 | D:6      | Reached XP level 9. HP: 36/79 MP: 9/9
  6303 | D:6      | Found a basalt altar of Yredelemnul.
  6304 | D:6      | Noticed a profane servitor
  6328 | D:6      | Found a glowing golden altar of the Shining One.
  6329 | D:6      | Noticed an angel
  6442 | D:6      | Acquired Qazlal's third power
  6818 | D:7      | Noticed Sigmund
  6854 | D:7      | Killed Sigmund
  7074 | D:7      | Found a radiant altar of Vehumet.
  7164 | D:7      | Found a glowing golden altar of the Shining One.
  7327 | D:7      | Reached skill level 10 in Unarmed Combat
  7492 | D:7      | Gained mutation: You can spit poison. [potion of mutation]
  7492 | D:7      | Gained mutation: Scrolls take you a little longer to read. [potion of mutation]
  7492 | D:7      | Gained mutation: You are weak. (Str -2) [potion of mutation]
  7496 | D:7      | Gained mutation: You are resistant to hostile enchantments. [potion of mutation]
  7496 | D:7      | Gained mutation: Your tail ends in a poisonous barb. [potion of mutation]
  7496 | D:7      | Gained mutation: Potions and wands are less effective at restoring your health. [potion of mutation]
  8141 | D:8      | Reached XP level 10. HP: 66/90 MP: 10/10
  8159 | D:8      | Reached skill level 11 in Unarmed Combat
  8196 | D:8      | Found a shimmering altar of Xom.
  8254 | D:8      | Found an ancient bone altar of Kikubaaqudgha.
  8632 | D:8      | Acquired Qazlal's fourth power
  8769 | D:8      | Gained mutation: You have sharp fingernails. [mutagenic meat]
  8770 | D:8      | Gained mutation: You are frail (-10% HP). [mutagenic meat]
  8771 | D:8      | Lost mutation: You are frail (-10% HP). [mutagenic meat]
  9334 | D:9      | Found a staircase to the Orcish Mines.
  9435 | D:9      | Noticed Eustachio
  9444 | D:9      | Killed Eustachio
  9528 | D:9      | Noticed Gastronok
  9554 | D:9      | Killed Gastronok
  9554 | D:9      | Reached skill level 12 in Unarmed Combat
 10058 | D:10     | Entered Level 10 of the Dungeon
 10058 | D:10     | Noticed Sonja
 10065 | D:10     | Noticed a hill giant
 10076 | D:10     | Noticed Erolcha
 10086 | D:10     | Killed an unseen horror
 10699 | D:9      | Reached XP level 11. HP: 26/99 MP: 3/11
 11225 | D:9      | Killed Erolcha
 11225 | D:9      | Reached skill level 10 in Fighting
 11425 | D:10     | Killed a hill giant
 11674 | D:9      | Killed Sonja
 11873 | D:10     | Reached skill level 1 in Invocations
 11929 | D:10     | Noticed a hill giant
 11938 | D:10     | Killed a hill giant
 11938 | D:10     | Reached skill level 13 in Unarmed Combat
 12041 | D:10     | Found a staircase to the Lair.
 12515 | D:10     | Acquired Qazlal's fifth power
 13109 | D:11     | Reached XP level 12. HP: 44/106 MP: 20/20
 13113 | D:11     | Reached skill level 14 in Unarmed Combat
 13349 | D:11     | Reached skill level 5 in Invocations
 14169 | Lair:1   | Entered Level 1 of the Lair of Beasts
 14359 | Lair:1   | Noticed Harold
 14382 | Lair:1   | Killed Harold
 14899 | Lair:1   | Noticed Charly's ghost (experienced DEWz)
 14912 | Lair:1   | Killed Charly's ghost
 14912 | Lair:1   | Reached skill level 10 in Dodging
 16086 | Lair:2   | Reached skill level 15 in Unarmed Combat
 16978 | Lair:2   | Reached XP level 13. HP: 108/113 MP: 24/24
 19190 | Lair:4   | Lost mutation: You can spit poison. [potion of cure mutation]
 19190 | Lair:4   | Lost mutation: You are weak. (Str -2) [potion of cure mutation]
 19190 | Lair:4   | Lost mutation: Scrolls take you a little longer to read. [potion of cure mutation]
 19190 | Lair:4   | Lost mutation: You have sharp fingernails. [potion of cure mutation]
 19190 | Lair:4   | Lost mutation: Your tail ends in a poisonous barb. [potion of cure mutation]
 19539 | Lair:4   | Reached skill level 16 in Unarmed Combat
 20352 | Lair:4   | Learned a level 3 spell: Flight
 21209 | Lair:5   | Found a staircase to the Snake Pit.
 22176 | Lair:6   | Found a dark tunnel.
 22245 | Volcano  | Entered a volcano
 22284 | Volcano  | Found a bloodstained altar of Trog.
 22713 | Lair:6   | Found a viscous altar of Jiyva.
 22714 | Lair:6   | Found a staircase to the Slime Pits.
 22726 | Lair:6   | Reached XP level 14. HP: 111/121 MP: 27/27
 22751 | Lair:6   | Found a staircase to the Shoals.
 22953 | Lair:6   | Reached skill level 17 in Unarmed Combat
 24223 | Lair:7   | Reached skill level 10 in Invocations
 24420 | Lair:7   | Noticed Rupert
 24433 | Lair:7   | Killed Rupert
 24917 | Lair:8   | Entered Level 8 of the Lair of Beasts
 26730 | D:12     | Reached skill level 18 in Unarmed Combat
 27717 | D:13     | Reached XP level 15. HP: 112/130 MP: 28/28
 27723 | D:13     | Noticed Nergalle
 27738 | D:13     | Killed Nergalle
 28287 | D:13     | Found a gate to the Vaults.
 28437 | D:13     | Got a pair of distressingly furry gloves
 28448 | D:13     | Identified the cursed -6 pair of gloves of the Jolly Wonders {Str+3 Int+5} (You found it on level 13 of the Dungeon)
 29156 | D:14     | Got a smoking broad axe
 29157 | D:14     | Identified the +2 broad axe "Jelly's Doom" {speed, +Fly} (You found it on level 14 of the Dungeon)
 29431 | D:15     | Entered Level 15 of the Dungeon
 29693 | D:15     | Found a labyrinth entrance.
 29712 | Lab      | Entered a labyrinth
 30236 | D:15     | Learned a level 5 spell: Blade Hands
 30363 | D:15     | Reached skill level 1 in Transmutations
 31369 | D:15     | Found a staircase to the Depths.
 31595 | D:15     | Upgraded the game from 0.16-a0-3472-g5ce0ac0 to 0.16-a0-3493-gd9d85f0
 32091 | Orc:1    | Entered Level 1 of the Orcish Mines
 32101 | Orc:1    | Noticed Psyche
 32128 | Orc:1    | Reached skill level 5 in Transmutations
 32604 | Orc:3    | Found a staircase to the Elven Halls.
 32745 | Orc:3    | Found a roughly hewn altar of Beogh.
 33094 | Orc:4    | Entered Level 4 of the Orcish Mines
 33103 | Orc:4    | Reached skill level 19 in Unarmed Combat
 33142 | Orc:4    | Found a frozen archway.
 33176 | IceCv    | Entered an ice cave
 33358 | IceCv    | Lost mutation: Potions and wands are less effective at restoring your health. [helix card]
 33358 | IceCv    | Gained mutation: You are highly resistant to hostile enchantments. [helix card]
 33359 | IceCv    | Gained mutation: You are somewhat resistant to further mutation. [helix card]
 34016 | Orc:4    | Reached XP level 16. HP: 82/139 MP: 29/29
 34053 | Orc:4    | Found Mniuwk's Gadget Boutique.
 34066 | Orc:4    | Found Rasmaz's General Store.
 34289 | Orc:4    | Found Deduz's Weapon Boutique.
 34289 | Orc:4    | Found Voylysum's Book Emporium.
 34298 | Orc:4    | Bought a wand of teleportation (5) for 432 gold pieces
 34310 | Orc:4    | Bought the +11 blowgun "Mnyu" {evade, +Blink Stlth--} for 1176 gold pieces
 34724 | Elf:1    | Entered Level 1 of the Elven Halls
 34741 | Elf:1    | Found a radiant altar of Vehumet.
 37679 | Elf:2    | Found a runed gate.
 37679 | Elf:2    | Found a runed gate.
 37679 | Elf:2    | Found a runed gate.
 37908 | Orc:1    | Killed Psyche
 38722 | Elf:3    | Entered Level 3 of the Elven Halls
 39373 | Elf:3    | Noticed a deep elf master archer
 39392 | Elf:3    | Killed a deep elf master archer
 39406 | Elf:3    | Noticed a deep elf blademaster
 39422 | Elf:3    | HP: 9/208 [deep elf blademaster/rapier (8)]
 39424 | Elf:3    | Killed a deep elf blademaster
 39424 | Elf:3    | Reached skill level 10 in Transmutations
 40001 | Elf:3    | Noticed a deep elf blademaster
 40015 | Elf:3    | Noticed a deep elf master archer
 40497 | Elf:3    | Got a scorched zirconium amulet
 40500 | Elf:3    | Identified the amulet of Felyosyf {Stasis Str+4} (You took it off a deep elf annihilator on level 3 of the Elven Halls)
 40521 | Elf:3    | Got a steaming granite ring
 40577 | Elf:3    | Gained mutation: Your body is slowly deteriorating. [a neqoxec]
 40586 | Elf:3    | Reached XP level 17. HP: 79/146 MP: 24/30
 40603 | Elf:3    | Killed a deep elf blademaster
 40615 | Elf:3    | Got a brightly glowing pewter amulet
 40617 | Elf:3    | Got a coiled wooden ring
 41021 | Elf:3    | Killed a deep elf master archer
 41509 | Elf:3    | Identified the ring of the Burgomaster {Fire Int+3 Dex+3} (You took it off a deep elf sorcerer on level 3 of the Elven Halls)
 41511 | Elf:3    | Identified the ring "Fruda" {MP+9 Slay+4} (You took it off a deep elf sorcerer on level 3 of the Elven Halls)
 41515 | Elf:3    | Identified the amulet of the Scavenger {rMut +Inv rPois rF+ rC+} (You took it off a deep elf death mage on level 3 of the Elven Halls)
 41612 | Elf:3    | Reached skill level 1 in Evocations
 42550 | Snake:1  | Entered Level 1 of the Snake Pit
 42989 | Snake:1  | Reached skill level 5 in Evocations
 43967 | Snake:1  | Noticed Aizul
 43980 | Snake:1  | Killed Aizul
 44276 | Snake:1  | Reached skill level 20 in Unarmed Combat
 44524 | Snake:1  | Identified a +1 rod of ignition (12/12) (You took it off a naga warrior on level 1 of the Snake Pit)
 46099 | Snake:3  | Reached skill level 10 in Evocations
 46282 | Snake:2  | HP: 6/146 [shock serpent/bolt of electricity (13)]
 47723 | Snake:3  | Reached XP level 18. HP: 133/154 MP: 32/32
 47734 | Snake:3  | Learned a level 9 spell: Tornado
 48594 | Snake:5  | Entered Level 5 of the Snake Pit
 48594 | Snake:5  | Noticed Nikola
 48621 | Snake:5  | Noticed Kirke
 48623 | Snake:5  | Noticed Agnes
 48632 | Snake:5  | Slain by a salamander

Action                   |  1- 3 |  4- 6 |  7- 9 | 10-12 | 13-15 | 16-18 || total
-------------------------+-------+-------+-------+-------+-------+-------++-------
Melee: Unarmed           |   134 |   231 |   412 |   749 |  2025 |  1179 ||  4730
Throw: Throwing net      |       |       |       |       |     2 |     2 ||     4
 Cast: Blade Hands       |       |       |       |       |       |    38 ||    38
Invok: Upheaval          |       |       |       |     5 |     5 |       ||    10
       Elemental Force   |       |       |       |     2 |       |       ||     2
       Disaster Area     |       |       |       |       |     4 |     2 ||     6
 Abil: Breathe Sticky Fl |       |       |     9 |    30 |     9 |     2 ||    50
Evoke: Wand              |       |       |     9 |     7 |     5 |    17 ||    38
       Deck              |       |       |       |       |    11 |       ||    11
       Rod               |       |       |       |       |       |     2 ||     2
       Phial of floods   |       |       |       |       |       |     1 ||     1
  Use: Potion            |     1 |     5 |     4 |     8 |    10 |     9 ||    37
       Scroll            |       |     6 |     3 |    16 |    23 |    15 ||    63
 Stab: Sleeping          |     3 |       |     2 |       |       |       ||     5
       Fleeing           |       |       |       |       |     1 |       ||     1
       Held in net/web   |       |       |       |       |       |     2 ||     2
  Eat: Chunk             |     2 |     9 |    15 |    23 |    28 |    38 ||   115
       Bread ration      |       |       |       |     2 |     2 |     5 ||     9
       Fruit             |       |       |       |     1 |     2 |     2 ||     5
       Meat ration       |       |       |       |     1 |     4 |       ||     5
       Beef jerky        |       |       |       |       |     1 |     1 ||     2
